 Dungeon Sprint DCSS version 0.26.1-2-gb8aa6d0cf2 (webtiles) character file.

Game seed: 5376373960403196707

420 Groucho the Insei (level 6, -5/46 HPs)
             Began as an Octopode Transmuter on Feb 26, 2021.
             Was a Priest of Qazlal.
             Slain by a spriggan
             ... wielding a +0 short sword
              (16 damage)
             ... in the Dungeon (Sprint V: "Ziggurat Sprint").
             The game lasted 00:05:11 (1045 turns).

Groucho the Insei (Octopode Transmuter)             Turns: 1045, Time: 00:05:11

Health: -5/46      AC:  1    Str: 23    XL:     6   Next: 94%
Magic:  13/14      EV: 19    Int: 27    God:    Qazlal [***...]
Gold:   0          SH:  4    Dex: 25    Spells: 4/16 levels left

rFire    . . .     SeeInvis +   C - +9 heavy crossbow "Sniper" {vorpal, Acc+∞ SInv}
rCold    . . .     Faith    .   (shield currently unavailable)
rNeg     . . .     Spirit   .   (helmet restricted)
rPois    .         Reflect  .   (no amulet)
rElec    .         Harm     .   s - +6 ring of dexterity
rCorr    .         Rampage  .   t - +6 ring of dexterity
Will     .....     NoTele   +   u - +6 ring of intelligence
Stlth    ++........             v - +6 ring of intelligence
HPRegen  0.15/turn              w - +6 ring of strength
MPRegen  0.14/turn              x - +6 ring of strength
                                (no ring)
                                (no ring)

@: no status effects
A: almost no armour, stealthy swim, amphibious, 8 rings, constrict 8, camouflage
1, gelatinous body 1
a: Renounce Religion, Upheaval, Elemental Force


You were in the Dungeon.
You worshipped Qazlal.
Qazlal was most pleased with you.
You visited 1 branch

Inventory:

Hand Weapons
 C - the +9 heavy crossbow "Sniper" (weapon) {vorpal, Acc+∞ SInv}
   (You found it in the Dungeon)

   Any bolt fired from it inflicts extra damage.
   It lets you see invisible.
 D - the +8 lance "Wyrmbane" {slay drac, rPois rF+ rC+ AC+3}
   (You found it in the Dungeon)

   It affects your AC (+3).
   It protects you from fire.
   It protects you from cold.
   It protects you from poison.
 E - the +9 sword of Zonguldrok {reap}
   (You found it in the Dungeon)

   If a monster killed with it leaves a corpse in good enough shape, the corpse
   is reanimated as a zombie friendly to the killer.
 H - the +8 storm bow {elec, penet}
   (You found it in the Dungeon)

   It charges the ammunition it shoots with electricity; occasionally upon a
   hit, such missiles may discharge and cause terrible harm.
   Ammo fired by it passes through the targets it hits, potentially hitting all
   targets in its path until it reaches maximum range.
Missiles
 F - 993 bolts (quivered ammo)
 I - 1000 arrows
Armour
 B - the +18 shield of the Gong {rElec rN+ Will+ EV-5}
   (You found it in the Dungeon)

   It affects your evasion (-5).
   It insulates you from electricity.
   It protects you from negative energy.
   It affects your willpower, your defense against some magical effects.
 G - a +3 buckler
Jewellery
 r - an uncursed ring of flight
 s - a +6 ring of dexterity (left tentacle)
 t - a +6 ring of dexterity (right tentacle)
 u - a +6 ring of intelligence (on tentacle)
 v - a +6 ring of intelligence (on tentacle)
 w - a +6 ring of strength (on tentacle)
 x - a +6 ring of strength (on tentacle)
 J - an uncursed ring of fire
Wands
 y - a wand of disintegration (7)
 z - a wand of iceblast (7)
 A - a wand of acid (7)
Scrolls
 g - 4 scrolls of blinking
 l - 3 scrolls of amnesia
 m - 7 scrolls of fog
 n - a scroll of holy word
 o - 5 scrolls of identify
 p - 5 scrolls of remove curse
 q - 2 scrolls of fear
Potions
 a - 2 potions of brilliance
 b - 10 potions of curing
 c - 10 potions of heal wounds
 d - 6 potions of haste
 e - 7 potions of magic
 f - 3 potions of berserk rage
 h - 2 potions of invisibility
 i - 4 potions of resistance
 j - a potion of experience
 k - 5 potions of might


   Skills:
 + Level 5.6 Fighting
 + Level 2.3 Crossbows
 + Level 5.9 Dodging
 + Level 6.3 Unarmed Combat
 + Level 5.5 Spellcasting
 + Level 6.0 Transmutations
 + Level 6.3 Invocations


You had 4 spell levels left.
You knew the following spells:

 Your Spells              Type           Power        Failure   Level
a - Beastly Appendage     Tmut           80%          1%          1
b - Wereblood             Tmut           40%          1%          2
c - Blade Hands           Tmut           20%          16%         5
d - Ice Form              Ice/Tmut       23%          19%         4

Your spell library contained the following spells:

 Spells                   Type           Power        Failure   Level
 Spider Form              Tmut/Pois      11%          6%          3
 Magic Dart               Conj           28%          7%          1
 Blink                    Tloc           N/A          11%         2
 Call Imp                 Summ           7%           11%         2
 Slow                     Hex            7%           11%         2
 Conjure Flame            Conj/Fire      7%           21%         3
 Mephitic Cloud           Conj/Pois/Air  7%           21%         3


Dungeon Overview and Level Annotations

Branches:
Dungeon (1/1)

Altars:
Ashenzari
Cheibriados
Dithmenos
Elyvilon
Fedhas
Gozag
Hepliaklqana
Kikubaaqudgha
Makhleb
Nemelex Xobeh
Okawaru
Qazlal
Ru
Sif Muna
Trog
Uskayaw
Vehumet
Wu Jian
Xom
Yredelemnul
Zin
The Shining One
Beogh
Jiyva
Lugonu

Annotations:
D 1 transporter


Innate Abilities, Weirdness & Mutations

You cannot wear most types of armour.
You are very stealthy in the water. (Stealth+)
You are amphibious.
You can wear up to eight rings at the same time.
You can use your tentacles to constrict eight enemies at once.
Your skin changes colour to match your surroundings (Stealth+).
Your rubbery body absorbs attacks. (AC +1, EV +1)


Message History

Press: ? - help, Q - select action, (/) - cycle Shift-Dir - straight line, f/p - spriggan
Aim: a spriggan, wielding a +0 short sword, wearing a +0 robe and wearing a +0 buckler (severely wounded, 100% to hit)
You shoot a bolt.
The bolt hits the spriggan but does no damage.
The spriggan is severely wounded.
The black bear bites you. The black bear closely misses you.
The black bear barely misses you. x2; The black bear misses you.
The black bear completely misses you. The spriggan barely misses you.
The black bear completely misses you. The black bear barely misses you.
The black bear misses you. The black bear bites you.
The black bear closely misses you. You block the black bear's attack.
The spriggan misses you. The black bear completely misses you.
The black bear claws you.
* * * LOW HITPOINT WARNING * * *
The black bear claws you.
* * * LOW HITPOINT WARNING * * *
The black bear misses you. The black bear barely misses you.
The black bear misses you.
The spriggan hits you with a +0 short sword!
You die...

▓..©..▓..©..▓▓▓▓▓▓▓
▓▓▓▓▓▓▓▓▓▓▓▓▓▓
▓..8©8...▓
▓..):}...▓
▓........▓
▓......).▓
........▓
▓.▓h.i.▓.▓
▓..h@○...▓
▓▓▓▓▓▓▓▓▓▓


You could see 2 black bears and a spriggan.

Vanquished Creatures
  A spriggan (D)
  A hell hound (D)
  An eye of draining (D)
  A jelly (D)
  An iron imp (D)
  A white imp (D)
  An adder zombie (D)
  A bat skeleton (D)
  A jackal skeleton (D)
  A jackal zombie (D)
10 creatures vanquished.

Notes
Turn   | Place    | Note
-------+----------+-------------------------------------------
     0 | D        | Groucho the Octopode Transmuter began the quest for the
                  | Orb.
     0 | D        | Reached XP level 1. HP: 13/13 MP: 3/3
     0 | D        | Found a shimmering blue altar of Sif Muna.
     0 | D        | Found a bloodstained altar of Trog.
     0 | D        | Found a sacrificial altar of Ru.
     0 | D        | Found a stormy altar of Qazlal.
     0 | D        | Found an iron altar of Okawaru.
     3 | D        | Found a sparkling altar of Nemelex Xobeh.
     3 | D        | Found a blossoming altar of Fedhas.
     4 | D        | Found the +6 Majin-Bo {vamp, MP+6 Int+6}
     4 | D        | Found the +9 heavy crossbow "Sniper" {vorpal, Acc+∞ SInv}
     4 | D        | Found the +10 dark maul {vorpal}
     4 | D        | Found the +15 Maxwell's patent armour {-Cast -Tele rElec
                  | Will+ rCorr}
     4 | D        | Found the +18 shield of the Gong {rElec rN+ Will+ EV-5}
     4 | D        | Found the cursed +14 obsidian axe {vorpal, +Fly SInv
                  | *Curse}
     4 | D        | Found the +7 great mace "Firestarter" {inner flame, rF++}
     4 | D        | Found the +6 shillelagh "Devastator" {shatter}
     4 | D        | Found the +11 plutonium sword {*Contam Stlth-}
     4 | D        | Found the +8 lance "Wyrmbane" {slay drac, rPois rF+ rC+
                  | AC+3}
     4 | D        | Found the +9 sword of Zonguldrok {reap}
     4 | D        | Found the cursed +13 scythe of Curses {drain, *Curse}
     4 | D        | Found the +5 sword of Power {vorpal}
     4 | D        | Found the +7 mace of Variability {chain chaos}
     4 | D        | Found the +7 Singing Sword {vorpal, sonic wave}
     4 | D        | Found the +8 storm bow {elec, penet}
     5 | D        | Found a transporter.
     5 | D        | Found an ancient bone altar of Kikubaaqudgha.
     5 | D        | Found a viscous altar of Jiyva.
     5 | D        | Found a corrupted altar of Lugonu.
     5 | D        | Found a hazy altar of Hepliaklqana.
     5 | D        | Found a burning altar of Makhleb.
     5 | D        | Found an opulent altar of Gozag.
   130 | D        | Became a worshipper of Qazlal Stormbringer
   143 | D        | Entered arena 2.
   143 | D        | Noticed an eye of draining
   143 | D        | Noticed a jelly
   143 | D        | Found a transporter.
   144 | D        | Killed a jelly
   145 | D        | Reached XP level 2. HP: 20/20 MP: 0/6
   145 | D        | Reached XP level 3. HP: 25/25 MP: 0/7
   146 | D        | Killed an eye of draining
   147 | D        | Reached XP level 4. HP: 33/33 MP: 0/9
   147 | D        | Reached XP level 5. HP: 37/37 MP: 0/10
   629 | D        | Learned a level 2 spell: Wereblood
   633 | D        | Learned a level 3 spell: Spider Form
   638 | D        | Learned a level 4 spell: Ice Form
   740 | D        | Entered arena 3.
   740 | D        | Found a transporter.
   741 | D        | Reached * piety under Qazlal
   760 | D        | Entered arena 4.
   760 | D        | Noticed a hell hound
   760 | D        | Found a transporter.
   762 | D        | Killed a hell hound
   762 | D        | Reached ** piety under Qazlal
   763 | D        | Reached skill level 5 in Dodging
   763 | D        | Reached skill level 5 in Unarmed Combat
   763 | D        | Reached skill level 5 in Transmutations
   763 | D        | Reached skill level 5 in Invocations
   765 | D        | Reached XP level 6. HP: 19/44 MP: 10/13
   767 | D        | Reached *** piety under Qazlal
  1040 | D        | Learned a level 5 spell: Blade Hands
  1042 | D        | Entered arena 5.
  1042 | D        | Noticed a black bear
  1042 | D        | Noticed a black bear
  1042 | D        | Noticed a spriggan
  1042 | D        | Noticed a spriggan
  1042 | D        | Found a transporter.
  1043 | D        | Identified the +0 hand crossbow of Compulsion {elec, +Blink
                  | rC+ Dex-5}
  1043 | D        | Killed a spriggan
  1044 | D        | Reached skill level 5 in Fighting
  1044 | D        | Reached skill level 5 in Spellcasting
  1045 | D        | Slain by a spriggan

Illustrated notes

Levels and vault maps discovered:
D:        sprint_v [room_start, room_1, room_2, room_3, room_4, room_5, room_6,
          room_7, room_8, room_9, room_10, room_11, room_12, room_13, room_14,
          room_15, room_16, room_17, room_18, room_19, room_20, room_21,
          room_22, room_23, room_24, room_25, room_26, room_27]

Skill      XL: |  1  2  3  4  5  6 |
---------------+-------------------+-----
Fighting       | 2 3 4 5 |  5.6
Dodging        | 3 4 5 |  5.9
Spellcasting   | 3 4 5 |  5.5
Transmutations | 3 4 5 6 |  6.0
Invocations    | 2 4 5 6 |  6.3
Unarmed Combat | 4 5 6 |  6.3
Crossbows      | 2 |  2.3

Action                   |  1- 3 |  4- 6 || total
-------------------------+-------+-------++-------
 Fire: Heavy crossbow    |     3 |    13 ||    16
  Use: Scroll            |       |     1 ||     1
Armor: Skin              |       |     3 ||     3
Dodge: Dodged            |       |    40 ||    40
Block: Other             |       |     5 ||     5
